Cogmind - Beta 17.1 @@@ ROGUE MODE // 2026.09.04 @ 00:53:41 Player: Finn Result: Destroyed by G-34 Mercenary with Small Laser Performance ------------- Evolutions (1) 500 Regions Visited (3) 600 Robots Destroyed (59) 295 Value Destroyed (1767) 1767 Prototype IDs (3) 60 Alien Tech Used (0) 0 Bonus (66) 66 TOTAL SCORE: 3288 Bonus ------- High Alert Combat Kills 66 Cogmind --------- Core Integrity 0/400 Matter 300/300 Energy 265/265 System Corruption 0% Temperature Cool (6) Movement Walking (190) Ox1 Location -9/Storage Parts ------- > --- POWER (1) -------- Reinforced Ion Engine > --- PROPULSION (2) --- Aluminum Leg > --- UTILITY (4) ------ Terrain Scan Processor Salvage Targeting Computer Targeting Computer > --- WEAPON (2) ------- Beam Rifle > --- INVENTORY (5) ---- Light Ion Engine Improved Ion Engine Improved Ion Engine Heavy EM Pulse Gun Rocket Launcher Peak State ------------ > --- POWER ------------ Improved Ion Engine > --- PROPULSION ------- Aluminum Leg Aluminum Leg > --- UTILITY ---------- Trap Scanner Terrain Scan Processor Salvage Targeting Computer > --- WEAPON ----------- Beam Rifle Minigun > --- INVENTORY -------- Improved Ion Engine Improved Ion Engine Improved EM Shotgun Heavy Assault Rifle Rocket Launcher [Rating: 17] Favorites ----------- Power Improved Ion Engine Engine Improved Ion Engine Propulsion Aluminum Leg Treads Light Treads Leg Aluminum Leg Wheel Wheel Utility Salvage Targeting Computer Device Shield Generator Processor Salvage Targeting Computer Weapon Heavy Assault Rifle Energy Gun Beam Rifle Ballistic Gun Heavy Assault Rifle Launcher Rocket Launcher Special Weapon Mining Laser Build | -11 -10 -9 -9 ------- Run | Yrd Mat Mat Sto Slots Evolved 2 | . . 2 . Power . | . . . . Propulsion . | . . . . Utility 2 | . . 2 . Weapon . | . . . . Parts Attached 33 | 5 7 16 5 Power 5 | 1 2 1 1 Engine 5 | 1 2 1 1 Core . | . . . . Reactor . | . . . . Propulsion 8 | 2 1 3 2 Treads 2 | . 1 1 . Leg 4 | . . 2 2 Wheel 2 | 2 . . . Hover . | . . . . Flight . | . . . . Utility 7 | . 2 4 1 Device 3 | . 1 2 . Storage . | . . . . Processor 4 | . 1 2 1 Hackware . | . . . . Protection . | . . . . Artifact . | . . . . Weapon 13 | 2 2 8 1 Energy Gun 5 | 1 . 3 1 Energy Cannon . | . . . . Ballistic Gun 6 | 1 1 4 . Ballistic Cannon . | . . . . Launcher 1 | . . 1 . Special Weapon 1 | . 1 . . Impact Weapon . | . . . . Slashing Weapon . | . . . . Piercing Weapon . | . . . . Special Melee Weapon . | . . . . Unidentified Prototypes 1 | . . 1 . Parts Lost 18 | . 7 7 4 Power 3 | . 2 1 . Propulsion 5 | . 2 2 1 Utility 3 | . . 2 1 Weapon 7 | . 3 2 2 Highest Loss Streak 3 | . 3 3 1 To Critical Strikes . | . . . . Average Backups 3 | 1 1 4 4 Power 1 | . . 1 2 Propulsion . | . . . . Utility . | . . . . Weapon 1 | 1 . 1 2 Tool/Special . | . . . . Unused Backups 4 | . . . 4 Power 3 | . . . 3 Propulsion . | . . . . Utility . | . . . . Weapon 1 | . . . 1 Tool/Special . | . . . . Average Slot Usage (%) 70 | . 57 77 67 Engine 7 | . 12 7 2 Treads 2 | . 2 3 . Leg 6 | . . 8 9 Wheel 2 | . 8 . . Device 8 | . 6 11 1 Processor 22 | . 6 24 33 Energy Gun 6 | . 6 6 7 Ballistic Gun 11 | . 6 13 13 Special Weapon 2 | . 7 1 . Peak Build Rating 17 | 5 8 17 12 Average Rating 11 | 3 5 14 10 On Entrance 6 | . 5 8 12 Avg Prop Armor Cover (%) . | . . . . Naked Turns . | . . . . Heaviest Build 17 | 6 10 17 16 Greatest Support 40 | 26 26 40 10 Greatest Overweight (x) 4 | . 3 4 2 Average Overweight (x) . | . . . . Largest Inventory Capacity 5 | 5 5 5 5 Average Capacity 5 | 5 5 5 5 Most Carried 5 | 4 4 5 5 Average Carried 3 | 1 1 4 4 Final Capacity 5 | 5 5 5 5 Final Carried 5 | 2 1 5 5 Class Distribution -------------------- 93% | Mutant 6% | Scavenger-Mutant Dominant Class ---------------- Mutant | -10/Materials Mutant | -9/Materials Mutant | -9/Storage Resources | -11 -10 -9 -9 ----------- Run | Yrd Mat Mat Sto Matter Collected 1142 | 250 107 581 204 Remotely . | . . . . Salvage Created 2062 | . 338 1355 369 Parts 121 | . 15 90 16 Haulers Intercepted . | . . . . Recyclers Shooed 1 | . . 1 . Parts Field Recycled . | . . . . Retrieved Matter . | . . . . Parts Self-Destructed . | . . . . Prevented . | . . . . Parts Restored . | . . . . Kills | -11 -10 -9 -9 ------- Run | Yrd Mat Mat Sto Combat Hostiles Destroyed 54 | . 10 34 10 Guns 42 | . 9 26 7 Cannons 1 | . 1 . . AOE 11 | . . 8 3 Classes Destroyed 6 | . 2 4 . Worker 2 | . . 1 1 Mechanic 1 | . . 1 . Watcher 2 | . . 2 . Swarmer 14 | . 3 7 4 Grunt 31 | . 7 19 5 Sentry 9 | . . 8 1 Best Kill Streak 9 | . 5 9 4 Combat Bots Only 8 | . 5 8 4 Max Kills in Single Turn 3 | . 1 3 3 Gunslinging 1 | . . 1 . Exploded 3 | . . 3 3 Melee . | . . . . Uniques/NPCs Destroyed . | . . . . Combat | -11 -10 -9 -9 -------- Run | Yrd Mat Mat Sto Hostile Shots Fired 273 | . 72 129 72 Missed 91 | . 23 48 20 Hits 182 | . 49 81 52 Projectile 182 | . 49 81 52 Critical Strikes 3 | . 2 1 . Damage Taken 2295 | . 678 977 640 Core 555 | . 155 130 270 Absorbed by Shields 134 | . 24 85 25 Core Remaining (%) 69 | 100 38 . . Volleys Fired 163 | . 45 81 37 Largest 2 | . 2 2 2 Hottest 125 | . 100 125 79 Shots Fired 302 | . 83 148 71 Gun 292 | . 82 140 70 Cannon . | . . . . Launcher 8 | . . 7 1 Special 2 | . 1 1 . Kinetic 183 | . 42 97 44 Thermal 111 | . 41 44 26 Explosive 8 | . . 7 1 Electromagnetic . | . . . . Robot Hit Streak 27 | . 9 25 27 Robot Miss Streak 5 | . 5 4 2 Penetration Max . | . . . . Secondary Targets 5 | . 1 4 . Max Gunslinging Chain 1 | . 1 1 . Shots Hit Robots 210 | . 56 101 53 Core Hits 96 | . 20 58 18 Critical Kills . | . . . . Critical Parts Destroyed . | . . . . Critical Strikes 2 | . . 1 1 Burn 2 | . . 1 1 Melee Attacks . | . . . . Impact . | . . . . Slashing . | . . . . Piercing . | . . . . Sneak Attacks . | . . . . Combat Hostiles . | . . . . Follow-up Attacks . | . . . . Damage Inflicted 3787 | . 611 2156 1020 Guns 2938 | . 587 1566 785 Cannons . | . . . . Explosions 823 | . . 589 234 Melee . | . . . . Ramming 2 | . . 1 1 Kinetic 1838 | . 285 1086 467 Thermal 1124 | . 326 480 318 Explosive 823 | . . 589 234 Electromagnetic . | . . . . Impact . | . . . . Slashing . | . . . . Piercing . | . . . . Highest Corruption . | . . . . Average Corruption . | . . . . Corruption Purged . | . . . . Corruption Blocked . | . . . . Overload Shots . | . . . . Overflow Damage 79 | . 61 18 . Projectiles . | . . . . Explosions 79 | . 61 18 . Melee . | . . . . Knockbacks . | . . . . Impact . | . . . . Kinetic . | . . . . Secondary . | . . . . Self-Inflicted Damage 129 | . 101 28 . Shots 2 | . 1 1 . Rammed 1 | . . 1 . Targets Rammed 2 | . . 1 1 Kicked 1 | . . . 1 Crushed . | . . . . Highest Temperature 323 | . 132 323 141 Average Temperature 61 | . 58 70 34 Received Heat Transfer 1016 | . 347 365 304 Siege Activations . | . . . . Martial Activations . | . . . . Shielding Activations . | . . . . Robots Disrupted . | . . . . Combat Hostiles . | . . . . Robots Corrupted . | . . . . Combat Hostiles . | . . . . Parts Fried . | . . . . Impact Corruptions . | . . . . Robots Melted . | . . . . Combat Hostiles . | . . . . Parts Melted 4 | . 2 2 . Heat Transferred 2908 | . 725 1295 888 Parts Sabotaged . | . . . . Parts Stolen . | . . . . Parts Stripped . | . . . . Power Chain Reactions . | . . . . Alert | -11 -10 -9 -9 ------- Run | Yrd Mat Mat Sto Maximum Alert Level 2 | . . 2 1 Low Security (%) 60 | 100 100 62 8 Level 1 22 | . . 6 91 Level 2 16 | . . 31 . Level 3 . | . . . . Level 4 . | . . . . Level 5 . | . . . . High Security . | . . . . Max Security . | . . . . Peak Influence 558 | . 124 558 327 Initial 228 | . . . 228 Average 188 | . 65 217 265 Influence Increases 1629 | . 308 1007 314 Destroy 0b10 Robot/C 1080 | . 200 680 200 Destroy 0b10 Robot/NC 30 | . . 20 10 Destroy Leader 264 | . 40 194 30 Successful Hack 58 | . 28 30 . Disable Machine 45 | . 15 30 . Destroy Structure 92 | . 25 53 14 Lose Combat Pursuer 60 | . . . 60 Influence Decreases 1341 | . 308 466 567 Entered New Map 313 | . . . 313 Time Decay 858 | . 238 406 214 Lost Part 170 | . 70 60 40 Squads Dispatched 8 | . 2 5 1 Investigation 4 | . 1 3 . Extermination . | . . . . Reinforcement 4 | . 1 2 1 Assault . | . . . . Garrison . | . . . . Intercept . | . . . . Searches Triggered . | . . . . Construction Impeded 1 | . . 1 . Haulers Reinforced . | . . . . Active Scanning Responses . | . . . . Cargo Convoy Interrupts . | . . . . Stealth | -11 -10 -9 -9 --------- Run | Yrd Mat Mat Sto Distress Signals 3 | . 1 2 . Communications Jammed . | . . . . Distress Signals . | . . . . Times Spotted 83 | . 18 46 19 Peak Tracking Total 7 | . 3 7 6 Tactical Retreats 2 | . . . 2 Traps | -11 -10 -9 -9 ------- Run | Yrd Mat Mat Sto Traps Triggered 4 | . . 2 2 Indirectly . | . . . . Trap Hack Attempts . | . . . . Triggered . | . . . . Disarmed . | . . . . Reprogrammed . | . . . . Reused . | . . . . Traps Extracted . | . . . . Installed . | . . . . Triggered . | . . . . Machines | -11 -10 -9 -9 ---------- Run | Yrd Mat Mat Sto Machines Disabled 4 | . 1 3 . Max in Single Turn 1 | . 1 1 . Machines Repaired . | . . . . Machines Dismantled . | . . . . Machines Sabotaged . | . . . . Overloaded Fab Kills . | . . . . Hacking | -11 -10 -9 -9 --------- Run | Yrd Mat Mat Sto Machines Accessed 16 | . 6 7 3 Terminals 12 | . 6 4 2 Fabricators . | . . . . Repair Stations . | . . . . Recycling Units 3 | . . 2 1 Scanalyzers 1 | . . 1 . Garrison Access . | . . . . Total Hacks 26 | . 8 12 6 Successful 17 | . 7 7 3 Failed 9 | . 1 5 3 Catastrophic 1 | . 1 . . Database Lockouts . | . . . . Manual . | . . . . Terminals 21 | . 8 9 4 Fabricators . | . . . . Repair Stations . | . . . . Recycling Units 4 | . . 2 2 Scanalyzers 1 | . . 1 . Garrison Access . | . . . . Terminal Hacks 13 | . 7 4 2 Robot Analysis 1 | . 1 . . Prototype ID Bank 1 | . 1 . . Open Door 1 | . . . 1 Level Access Points 1 | . . 1 . Branch Access Points 1 | . . 1 . Locate Traps 3 | . 2 . 1 Hauler Manifests 1 | . 1 . . Zone Layout 4 | . 2 2 . Fabricator Hacks . | . . . . Repair Station Hacks . | . . . . Recycling Unit Hacks 3 | . . 2 1 Retrieve Components 3 | . . 2 1 Scanalyzer 1 | . . 1 . Retrieve Study 1 | . . 1 . Garrison Access Hacks . | . . . . Unauthorized Hacks . | . . . . Terminals . | . . . . Fabricators . | . . . . Repair Stations . | . . . . Recycling Units . | . . . . Scanalyzers . | . . . . Garrison Access . | . . . . Data Cores Recovered . | . . . . Used . | . . . . Hacking Detections 6 | . 1 4 1 Full Trace Events 2 | . 1 1 . Feedback Events . | . . . . Feedback Blocked . | . . . . Robot Schematics Acquired . | . . . . Robots Built . | . . . . Authchips . | . . . . Time . | . . . . Total Robot Build Rating . | . . . . Part Schematics Acquired . | . . . . Parts Built . | . . . . Authchips . | . . . . Time . | . . . . Total Part Build Rating . | . . . . Part Studies Acquired 1 | . . 1 . Parts Repaired . | . . . . Time . | . . . . Parts Recycled . | . . . . Recycled Matter . | . . . . Retrieved Matter . | . . . . Retrieved Components 10 | . . 10 . Parts Scanalyzed . | . . . . Part Schematics Acquired . | . . . . Parts Damaged . | . . . . Bothacking | -11 -10 -9 -9 ------------ Run | Yrd Mat Mat Sto Used RIF Installer . | . . . . Robots Hacked . | . . . . Non-combat . | . . . . Combat . | . . . . Robot Hacks Applied . | . . . . Relay Couplers Released . | . . . . Fabnet Peak Effective % . | . . . . Robots Rewired . | . . . . Allies Hacked . | . . . . Hacks Repelled . | . . . . Allies | -11 -10 -9 -9 -------- Run | Yrd Mat Mat Sto Total Allies . | . . . . Largest Group . | . . . . Highest-Rated Group . | . . . . Highest-Rated Ally . | . . . . Total Orders . | . . . . Ally Attacks . | . . . . Total Damage . | . . . . Kills . | . . . . Allies Corrupted . | . . . . Allies Melted . | . . . . Intel | -11 -10 -9 -9 ------- Run | Yrd Mat Mat Sto Active Infowar (turns) 719 | . . 719 . Traps 719 | . . 719 . Robot Analysis Total 1 | . 1 . . Derelict Logs Recovered . | . . . . Drone Launches . | . . . . Drone Recoveries . | . . . . Exploration | -11 -10 -9 -9 ------------- Run | Yrd Mat Mat Sto Turns Passed 2185 | 46 500 1182 457 Spaces Moved 1176 | 43 266 638 229 Core 402 | 10 128 218 46 Treads 182 | . 56 126 . Legs 477 | . . 294 183 Wheels 115 | 33 82 . . Hover . | . . . . Flight . | . . . . Fastest Speed 50 | 50 50 100 100 Average Speed 132 | 79 130 136 134 Slowest Speed 250 | 90 200 250 190 Overloaded Moves . | . . . . Propulsion Burnouts . | . . . . Robots Hopped . | . . . . Potential Cave-ins . | . . . . Cave-ins Triggered . | . . . . Exploration Rate (%) 46 | 3 62 73 46 Regions Visited 3 Branch Regions 1 Pre-discovered Areas . | . . . . Known Exits Taken 1 | . . 1 . Unknown Exits Taken 2 | 1 1 . . Scrap Searched . | . . . . Spaces Dug . | . . . . Terrain Destroyed 105 | . 40 52 13 Melee . | . . . . Projectile 1 | . . 1 . AOE 104 | . 40 51 13 Terrain Rammed . | . . . . Walls Destroyed . | . . . . Machines Disabled . | . . . . Actions | -11 -10 -9 -9 --------- Run | Yrd Mat Mat Sto Total 1498 | 54 339 800 305 Wait 82 | . 16 42 24 Move 1173 | 42 265 637 229 Hop . | . . . . Pick Up 27 | 7 6 12 2 Fast Attach 6 | . . 3 3 Attach 19 | 5 7 6 1 Detach . | . . . . Swap 15 | . . 12 3 Drop 7 | . . 6 1 Fire 163 | . 45 81 37 Melee . | . . . . Ram 1 | . . 1 . Kick 1 | . . . 1 Crush . | . . . . Escape Stasis 4 | . . . 4 Rewire . | . . . . Trap . | . . . . Miscellaneous . | . . . . Route ------- -11/Scrapyard -10/Materials (discovered 2 exits: *Mat x2) -9/Materials (discovered 5 exits: *Mat x3 / *Min / *Sto) -9/Storage (discovered 1 exit: *Mat) History --------- Turn | Location | Event 8 | -11/Scrapyard | Discovered new exit (range 16) 47 | -11/Scrapyard | Entered Materials 226 | -10/Materials | Lost 3 parts (2n1w) 266 | -10/Materials | Core integrity fell below 50% 305 | -10/Materials | Lost 3 parts (1p2w) 322 | -10/Materials | Discovered new exit (range 16) 326 | -10/Materials | Build established: Mutant 528 | -10/Materials | Discovered new exit (range 5) 547 | -10/Materials | Entered another Materials area 547 | -9/Materials | Evolved 2 slots: Utility x2 1016 | -9/Materials | Identified exit to Mines 1016 | -9/Materials | Identified exit to Storage 1046 | -9/Materials | Discovered new exit (range 15) 1314 | -9/Materials | Lost 3 parts (2n1u) 1328 | -9/Materials | Destroyed 8 combat bots 1517 | -9/Materials | Discovered new exit (range 16) 1625 | -9/Materials | Identified exit to Materials 1729 | -9/Materials | Entered Storage 1874 | -9/Storage | Core integrity fell below 50% 2118 | -9/Storage | Core integrity fell below 20% 2150 | -9/Storage | Discovered exit to Materials (range 16) 2186 | -9/Storage | Destroyed by G-34 Mercenary with Small Laser Last Messages --------------- 02073_ R-06 Scavenger collects Heat Sink. 02075_ Acquired 10 matter. 02080_ R-06 Scavenger collects Aluminum Leg. 02124_ G-34 Mercenary destroyed. 02127_ Acquired 15 matter. 02133_ R-06 Scavenger collects Heat Sink. 02150_ EXIT=FOUND: MATERIALS 02159_ Kicked K-01 Serf. 02168_ Hvy. Assault Rifle destroyed. 02171_ Triggered Stasis Trap. 02171_ A bubble of rippling energy engulfs the area. 02171_ Field strength at 85. 02172_ ALERT: Hostiles spotted, dispatching reinforcements to Terminal S009. 02173_ Field strength at 67. 02174_ Field strength at 52. 02175_ Field strength at 31. 02176_ Field strength at 16. 02177_ Stasis field depleted. Map ----- +----------------------------------------------------+ | ??????# #???# ######## | | ??????+ ^ ##### #??????# | | ??????# """" %= % #??????# | | ??????# """" #####+####???# | | ??????# """" #?# [% #???# | | ??????# """" #?# #???# | | ??????# """" #?# !#####+ | | ??????# #?# [ !# | | ??????# #?# %# | | ??????# ########?# ! %+ | | ??????# #????????######## | | ??????# #???????????????###### | | ??????# #????????????????????? | | ??????# #????????????????????? | | ??????# %#????????????????????? | | ??????# #????????????????????? | | ??????# ########## ??????? | | ??????# ??????? | | ??????# ??????? | | ??????# ??????? | | ??????# ^ ########## ??????? | | ??????# #????????????????????? | | ??????# #????????????????????? | | ??????# #????????????????????? | | ??????# #????????????????????? | | ??????#@gg#????????????????????? | | ??????# #????????????????????? | | ??????#####????????????????????? | | ???????????????????????????????? | | ???????????????????????????????? | | ???????????????????????????????? | | ???????????????????????????????? | | ???????????????????????????????? | | ???????????????????????????????? | | ???????????????????????????????? | | | | | | | | | | | | | | | | | | | | | | | | | | | | | | | +----------------------------------------------------+ Best States ------------- Heat Dissipation 28 Energy Generation 12 Energy Capacity 265 Matter Stores 300 Matter Capacity 300 Sight Range 16 Terrain Scan Density 85 Evasion (%) 55 Targeting Accuracy 5 Recoil Reduction 2 Salvage Targeting 1 Item Schematics ----------------- None Robot Schematics ------------------ None Fabricated ------------ Nothing Repaired ---------- Nothing Studied --------- Hvy. EM Pulse Gun | -9/Materials | Hacked Alien Tech Used ----------------- None Achievements -------------- None Challenges ------------ None Game ------ Seed MetafieldPlexusBlaster Manual? 0 Play Time 00:15:54 Cumulative 29.8 hours Start 2026.09.04 @ 00:40:27 End 2026.09.04 @ 00:53:41 Sessions 1 Manual Loads 0 Difficulty Rogue Special Mode None Game No. 72 Rogue 55 Adventurer 15 Explorer 2 Win Type - Total 0 Types 0/0/0/0/0/0/0/0/0/0 Lore% 25 Gallery% 24 Achievement% 21 Wizard Run 0 Options --------- Layout 1 ASCII 0 Keyboard 0 Movement Mouse Keybinds 0 Fullscreen 1 Font 24/Smallcaps Map View 50x35 Zoom Use 0% Tactical HUD 1 Map Filters NONE Filters NONE Steam 1 RUN: 50e1f2cb-8d07-4bde-b025-20acdf3b9b49